More detailed build order based on zuka's PvX - Easy Build - Zeal/Immo/Archon (English VOD) (PvX Economic).
Informations retrieved from video.
Not tested yet. If adaptions have to be made i'll do that.
12 | 0:00 | | |
13 | 0:08 | | from now allways probes |
14 | 0:17 | | |
15 | 0:30 | | chronoboost nexus |
16 | 0:38 | | |
16 | 0:39 | | scout with probe |
17 | 0:47 | | |
18 | 0:56 | | |
19 | 1:08 | | 2 probes assimilator |
19 | 1:10 | | |
20 | 1:15 | | chronoboost nexus |
20 | 1:17 | | 2 probes assimilator |
21 | 1:28 | | |
22 | 1:39 | | |
23 | 1:43 | | assimilators full |
24 | 2:04 | | |
24 | 2:05 | | |
28 | 2:06 | | |
29 | 2:16 | | by expand position |
30 | 2:31 | | 20 probes stop production |
30 | 2:34 | | |
30 | 2:35 | | |
34 | 2:40 | | 2 stalkers attack/scout |
34 | 2:44 | | chronoboost cybercore |
34 | 2:59 | | should be 3 min |
35 | 3:12 | | |
34 | 3:13 | | from now allways probe |
35 | 3:20 | | |
36 | 3:29 | | in way to natural/stalkers beneath |
37 | 3:40 | | chronoboost nexus |
39 | 4:01 | | |
44 | 4:09 | | chronoboost immortal |
45 | 4:16 | | |
46 | 4:19 | | arround 4:20 |
46 | 4:20 | | |
47 | 4:28 | | |
48 | 4:31 | | |
50 | 4:42 | | |
52 | 4:52 | | scout with observer |
52 | 4:53 | | |
58 | 5:04 | | |
58 | 5:10 | | zealots forever |
62 | 5:18 | | |
64 | 5:25 | | |
64 | 5:31 | | |
66 | 5:42 | | |
70 | 5:45 | | |
70 | 5:57 | | |
70 | 6:07 | | |
70 | 6:08 | | |
78 | 6:16 | | |
78 | 6:18 | | |
80 | 6:23 | | |
81 | 6:31 | | |
81 | 6:35 | | -> 6 gates |
81 | 6:44 | | |
81 | 6:45 | | |
81 | 6:46 | | |
89 | 7:01 | | |
122 | 8:00 | | |
123 | 8:07 | | always archons > zealot > immortal |
123 | 8:12 | | |
123 | 8:17 | | |
128 | 8:20 | | too many minerals -> more gateways |
128 | 8:23 | | care supply |
152 | 8:57 | | |
153 | 9:11 | | maybe |
200 | 10:04 | | (10min: +2, +2/200 supply) (3 nexus full) |
200 | 10:05 | | attack! |
200 | 10:17 | | |
200 | 10:18 | | |
200 | 10:25 | | anker warp prism, zealot front-archon-immortal |